 Dungeon Crawl Stone Soup version 0.30.0 (webtiles) character file.

Game seed: 15197380575762250698

140 dialectric the Covert (level 5, -3/36 HPs)
             Began as an Octopode Delver on May 6, 2023.
             Slain by Blork the orc
             ... wielding a +0 scimitar
              (6 damage)
             ... on level 4 of the Dungeon.
             The game lasted 00:00:59 (338 turns).

dialectric the Covert (Octopode Delver)              Turns: 338, Time: 00:01:00

Health: -3/36      AC:  5    Str: 11    XL:     5   Next: 22%
Magic:  5/5        EV: 13    Int: 12    God:
Gold:   61         SH:  0    Dex: 16    Spells: 4/4 levels left

rFire   . . .        a - +0 short sword
rCold   . . .        (no shield)
rNeg    . . .        (helmet restricted)
rPois   .            (no amulet)
rElec   .            g - +4 ring of protection
rCorr   .            (no ring)
SInv    .            (no ring)
Will    .....        (no ring)
Stlth   +++++        (no ring)
HPRegen 0.26/turn    (no ring)
MPRegen 0.09/turn    (no ring)
                     (no ring)

%: no passive effects
@: brilliant
A: almost no armour, amphibious, 8 rings, camouflage 1, gelatinous body 1,
(nimble swimmer 1), tentacles
a: no special abilities


You were on level 4 of the Dungeon.
You visited 1 branch of the dungeon, and saw 3 of its levels.

You collected 61 gold pieces.

Inventory:

Hand Weapons
 a - a +0 short sword (weapon)
Jewellery
 g - a +4 ring of protection (left tentacle)
Wands
 f - a wand of digging (3)
Scrolls
 b - a scroll of fog
 c - 2 scrolls of magic mapping
 d - 2 scrolls of fear
 e - a scroll of poison {unknown}
 i - a scroll of identify {unknown}
 j - a scroll of brand weapon {unknown}
 k - a scroll of torment {unknown}


   Skills:
 + Level 3.5 Fighting
 + Level 2.2 Short Blades
 + Level 2.1 Dodging
 + Level 9.1 Stealth


You had 4 spell levels left.
You didn't know any spells.
Your spell library contained the following spells:

 Spells                   Type           Power      Damage    Failure   Level
 Blink                    Tloc           0%         N/A       45%         2
 Lesser Beckoning         Tloc           0%         N/A       45%         2
 Momentum Strike          Conj/Tloc      0%         3d8       45%         2


Dungeon Overview and Level Annotations

Branches:
Dungeon (6/15)
 Temple: D:4-7

Altars:

Annotations:
D:4 Blork the orc
D:6 Menkaure


Innate Abilities, Weirdness & Mutations

You cannot wear most types of armour.
You are amphibious.
You can wear up to eight rings at the same time.
Your skin changes colour to match your surroundings (Stealth+).
Your rubbery body absorbs attacks. (AC +1, EV +1)
((You are camouflaged when in or above water. (Stealth+)))
You have tentacles for arms and can constrict up to eight enemies at once.


Message History

Blork the orc casts a cantrip, but nothing happens.
You hit Blork the orc but do no damage. Your grab misses Blork the orc.
Blork the orc gestures at you while chanting.
The puff of frost hits you!
You hit Blork the orc. You grab Blork the orc.
Blork the orc is lightly wounded.
You constrict Blork the orc, but do no damage.
Blork the orc hits you with a +0 scimitar!
You are too injured to fight recklessly!
You are too injured to fight recklessly!
You are too injured to fight recklessly!
You are too injured to fight recklessly!
You are too injured to fight recklessly!
You are too injured to fight recklessly!
Unknown command.
You release your grip on Blork the orc.
Blork the orc casts a spell.
Blork the orc seems to speed up.
It was a potion of brilliance.
You feel clever all of a sudden. Blork the orc closely misses you.
It was a potion of curing.
You feel better. Blork the orc barely misses you.
Okay, then.
You hit Blork the orc but do no damage. Your grab misses Blork the orc.
Blork the orc is lightly wounded.
Blork the orc hits you with a +0 scimitar!
You hit Blork the orc but do no damage. Your grab misses Blork the orc.
Blork the orc is lightly wounded.
Blork the orc hits you with a +0 scimitar!
Blork the orc hits you with a +0 scimitar.
* * * LOW HITPOINT WARNING * * *
You hit Blork the orc but do no damage. Your grab misses Blork the orc.
Blork the orc is lightly wounded.
Blork the orc hits you with a +0 scimitar.
* * * LOW HITPOINT WARNING * * *
You closely miss Blork the orc. Your grab misses Blork the orc.
You squeeze Blork the orc, but do no damage.
Blork the orc is lightly wounded.
Blork the orc hits you with a +0 scimitar.
You die...

#########################
>...............@og[.....
+########....##########.#
####.# #..# ##.# .. .##
.. ..


You could see Blork the orc (fast) and a hobgoblin.

Vanquished Creatures
  2 scorpions (D:5)
  An iguana (D:5)
  2 quokkas (D:5)
5 creatures vanquished.

Notes
Turn   | Place    | Note
-------+----------+-------------------------------------------
     0 | D:5      | dialectric the Octopode Delver began the quest for the Orb.
     0 | D:5      | Reached XP level 1. HP: 16/16 MP: 1/1
    38 | D:5      | Noticed a scorpion
    43 | D:5      | Killed a scorpion
    44 | D:5      | Reached skill level 8 in Stealth
    44 | D:5      | Reached XP level 2. HP: 21/21 MP: 2/2
    44 | D:5      | Reached XP level 3. HP: 26/26 MP: 3/3
    44 | D:5      | Reached XP level 4. HP: 31/31 MP: 4/4
    58 | D:5      | Noticed a scorpion
    63 | D:5      | Killed a scorpion
    85 | D:5      | Reached skill level 9 in Stealth
    85 | D:5      | Reached XP level 5. HP: 36/36 MP: 5/5
   198 | D:5      | Noticed an ogre
   287 | D:6      | Noticed Menkaure
   322 | D:4      | Noticed Blork the orc
   338 | D:4      | Slain by Blork the orc

Illustrated notes

Levels and vault maps discovered:
D:4:      layout_basic, minmay_temple_entry_glass, hangedman_decor_push,
          kennysheep_generic_room_12, uniq_blork_the_orc, uniq_grinder
D:5:      kennysheep_six_static_rooms, layout_basic, lemuel_crystal_altar,
          uniq_prince_ribbit1
D:6:      layout_loops_ring, lemuel_blue_sif_altar, minmay_misc_feat_square,
          minmay_splitting_lines, uniq_menkaure, uniq_duvessa

Skill      XL: |  1  2  3  4 |
---------------+-------------+-----
Stealth        | 8 9 |  9.1
Fighting       | |  3.5
Short Blades   | |  2.2
Dodging        | |  2.1

Action                     |  1- 3 |  4- 6 || total
---------------------------+-------+-------++-------
  Melee: Short sword       |     2 |    12 ||    14
         Constrict         |       |     1 ||     1
         Tentacles         |       |     1 ||     1
    Use: Potion            |       |     3 ||     3
   Stab: Sleeping          |     2 |     3 ||     5
  Dodge: Dodged            |       |     4 ||     4
